[Event "Team 45 45 League T23"]
[Site "Internet Chess Club"]
[Date "2004.07.14"]
[Round "5"]
[White "Pilgrim"]
[Black "jimul"]
[Result "0-1"]
[WhiteElo "1581"]
[BlackElo "1643"]
[TimeControl "2700+45"]

1. e4 e6 2. d3 d5 3. Nd2 Nf6 4. Ngf3 dxe4 5. dxe4 b6 6. g3 Bb7 7. e5 Ng4 8. Qe2
Nd7 9. Nc4 Ngxe5 10. Ncxe5 Nxe5 11. Qb5+ Nd7 12. Bg5 f6 13. O-O-O Bxf3 14. Bh3
c6 15. Qd3 Bxh1 16. Bxe6 Bd5 17. Bxd5 cxd5 18. Qxd5 fxg5 19. Re1+ Be7 20. Qxg5
g6 21. Qd5 Nf6 22. Qc6+ Kf7 23. g4 Qd5 24. Qc7 Rhe8 25. f4 Rad8 26. Qc3 Qxa2 27.
Qb3+ Qxb3 28. cxb3 Bb4 29. Rf1 Nxg4 30. f5 g5 31. h3 Ne3 32. Rg1 Kf6 33. h4 h6
34. hxg5+ hxg5 35. Rh1 Rh8 36. Rg1 Rh2 37. Kb1 Rd1+ 38. Rxd1 Nxd1 39. Kc1 Nxb2
40. Kb1 Nd3 41. Ka1 g4 42. Kb1 g3 {White resigns} 0-1

[Event "Team 45 45 League T23"]
[Site "Internet Chess Club"]
[Date "2004.07.17"]
[Round "5"]
[White "JustinSane"]
[Black "sameerwadkar2"]
[Result "0-1"]
[WhiteElo "2156"]
[BlackElo "2049"]
[TimeControl "2700+45"]

1. e4 e6 2. d4 d5 3. Nc3 Nf6 4. Bg5 Bb4 5. e5 h6 6. Bd2 Bxc3 7. bxc3 Ne4 8. Bd3
Nxd2 9. Qxd2 c5 10. h4 c4 11. Be2 Nc6 12. Rh3 Bd7 13. h5 O-O 14. f4 Kh7 15. g4
f6 16. Nf3 fxe5 17. fxe5 Qe7 18. Qe3 b5 19. Kd2 a5 20. g5 Qa3 21. gxh6 gxh6 22.
Bd3+ cxd3 23. Qxd3+ Rf5 24. Nh4 Ne7 25. Nxf5 Nxf5 26. Rg1 Rg8 27. Qf1 Rxg1 28.
Qxg1 Be8 29. Qb1 Nxd4 30. Qg1 Nf5 31. Qa7+ Qe7 32. Qxa5 Qg5+ 33. Kd3 Qg2 {White
resigns} 0-1

[Event "Team 45 45 League T23"]
[Site "Internet Chess Club"]
[Date "2004.07.10"]
[Round "5"]
[White "fledermaus"]
[Black "shadow-master"]
[Result "1-0"]
[WhiteElo "2073"]
[BlackElo "2140"]
[TimeControl "2700+45"]

1. d4 d5 2. c4 e6 3. Nf3 c6 4. e3 Nf6 5. Bd3 Nbd7 6. O-O Bd6 7. Nbd2 O-O 8. e4
dxc4 9. Nxc4 Be7 10. e5 Nd5 11. Qe2 c5 12. Qe4 g6 13. Ne3 f5 14. exf6 N7xf6 15.
Qe5 Bd6 16. Qg5 Nf4 17. Bc4 b5 18. dxc5 Bxc5 19. Qxc5 bxc4 20. Rd1 Qe8 21. Nxc4
Ne4 22. Qe5 Ne2+ 23. Kf1 Qc6 24. Bh6 N2g3+ 25. hxg3 Qxc4+ 26. Kg1 Rf6 27. Rd4
Qc5 28. Qxe4 Rb8 29. Rd8+ Kf7 30. Ne5+ Ke7 31. Nc6+ Kf7 32. Be3 Qh5 33. Nxb8
{Black resigns} 1-0

[Event "Team 45 45 League T23"]
[Site "Internet Chess Club"]
[Date "2004.07.11"]
[Round "5"]
[White "GhostMate"]
[Black "Turnedone"]
[Result "0-1"]
[WhiteElo "1709"]
[BlackElo "1998"]
[TimeControl "2700+45"]

1. e4 e5 2. Nf3 Nc6 3. Bb5 a6 4. Ba4 Nf6 5. O-O Be7 6. Re1 b5 7. Bb3 O-O 8. c3
d5 9. exd5 Nxd5 10. Nxe5 Nxe5 11. Rxe5 c6 12. d4 Bd6 13. Re4 Bf5 14. Re1 Qh4 15.
g3 Qh3 16. Qf3 Rae8 17. Bd2 Rxe1+ 18. Bxe1 Re8 19. Nd2 Bg4 20. Qg2 Qh5 21. Bc2
f5 22. Bd3 f4 23. Be4 Re6 24. Bf3 Rh6 25. Bxg4 Qxg4 26. Qf3 Qh3 27. Qg2 fxg3 28.
fxg3 Qh5 29. Nf3 Ne3 30. Qe2 Ng4 31. Bd2 Rf6 32. Re1 Nf2 33. Qe8+ Qxe8 34. Rxe8+
Kf7 35. Re2 Nd1 36. Ng5+ Kg6 37. Bc1 c5 38. Re6 cxd4 39. cxd4 Nxb2 40. Rxf6+
gxf6 41. Ne4 Nd3 42. Bd2 Be7 43. Kf1 Kf5 44. Nc3 Bb4 45. Ke2 Bxc3 46. Kxd3 Bxd2
47. Kxd2 Ke4 48. Kc3 a5 49. h3 f5 50. h4 h5 {White resigns} 0-1

[Event "Team 45 45 League T23"]
[Site "Internet Chess Club"]
[Date "2004.07.10"]
[Round "5"]
[White "Winclick"]
[Black "Zolbalus"]
[Result "0-1"]
[WhiteElo "1734"]
[BlackElo "1830"]
[TimeControl "2700+45"]

1. e4 c5 2. d4 cxd4 3. c3 Nf6 4. e5 Nd5 5. cxd4 d6 6. Nf3 Nc6 7. Bc4 Nb6 8. Bb5
dxe5 9. Nxe5 Bd7 10. Nxc6 Bxc6 11. Bxc6+ bxc6 12. O-O g6 13. Nc3 Bg7 14. Be3 O-O
15. Rc1 Rc8 16. b3 Nd5 17. Ne4 e6 18. Nc5 Re8 19. Qf3 e5 20. dxe5 Bxe5 21. Rfd1
Qa5 22. Bh6 Qxa2 23. Nd7 Bh8 24. Rd2 Qa3 25. h4 Qxc1+ 26. Kh2 Qe1 27. h5 Qe7 28.
hxg6 hxg6 29. Qh3 Bg7 30. Rd3 Bxh6 31. Qxh6 Qxd7 32. Rh3 Qd6+ 33. g3 Qf6 34.
Qh7+ Kf8 35. Qh6+ Ke7 36. Qd2 Rh8 37. Rxh8 Rxh8+ 38. Kg2 Qa1 39. Qg5+ Kd6 40.
Kf3 Qd1+ 41. Ke4 f5+ {White resigns} 0-1

[Event "Team 45 45 League T23"]
[Site "Internet Chess Club"]
[Date "2004.07.08"]
[Round "5"]
[White "joshtournman"]
[Black "Xidnan"]
[Result "0-1"]
[WhiteElo "1518"]
[BlackElo "1656"]
[TimeControl "2700+45"]

1. e4 c5 2. Bc4 Nc6 3. Nf3 d6 4. h3 g6 5. Nc3 Bg7 6. O-O Nf6 7. Re1 Nd7 8. Ng5
O-O 9. Nf3 Nde5 10. Nxe5 Nxe5 11. d3 Nxc4 12. dxc4 a6 13. Bd2 Be6 14. b3 b5 15.
cxb5 axb5 16. Rb1 b4 17. Nd5 Rxa2 18. c3 Bxd5 19. exd5 bxc3 20. Bg5 f6 21. Qg4
fxg5 22. Qxg5 Raxf2 23. Qe3 Bd4 24. Qe6+ Kh8 25. Kh1 R8f6 26. Qe4 Qf8 27. Rg1
R2f4 28. Qd3 Bxg1 29. Rxg1 Rf1 30. Qxc3 Rxg1+ 31. Kxg1 Kg8 32. Qc4 Rf4 33. Qe2
Qf6 34. g3 Qd4+ 35. Kh1 Qe4+ 36. Qxe4 Rxe4 37. Kg2 Re3 {White resigns} 0-1

[Event "Team 45 45 League T23"]
[Site "Internet Chess Club"]
[Date "2004.07.09"]
[Round "5"]
[White "mitdale"]
[Black "John14-6"]
[Result "1-0"]
[WhiteElo "1701"]
[BlackElo "1387"]
[TimeControl "2700+45"]

1. e4 e6 2. d3 d5 3. Nd2 Nf6 4. Ngf3 c5 5. g3 Nc6 6. Bg2 Rb8 7. O-O Be7 8. c3 b5
9. Qe2 Bb7 10. Re1 dxe4 11. dxe4 a6 12. Nf1 O-O 13. Bf4 Bd6 14. e5 Nxe5 15. Bxe5
Bxe5 16. Qxe5 Qb6 17. Rad1 Rbd8 18. h3 c4 19. Qe3 Qc7 20. N1h2 Rd6 21. Qf4 Rfd8
22. Rxd6 Rxd6 23. Nd4 Bxg2 24. Kxg2 Qb7+ 25. Qf3 Qd7 26. Qa8+ Ne8 27. Nhf3
{Black resigns} 1-0

[Event "Team 45 45 League T23"]
[Site "Internet Chess Club"]
[Date "2004.07.12"]
[Round "5"]
[White "sdcohle"]
[Black "Garry"]
[Result "0-1"]
[WhiteElo "1316"]
[BlackElo "1585"]
[TimeControl "2700+45"]

1. d4 d5 2. c4 e6 3. e3 Nf6 4. Nf3 Nc6 5. Be2 Be7 6. Nc3 O-O 7. O-O Ne4 8. Qd3
Nxc3 9. Qxc3 Re8 10. Bd3 Nb4 11. a3 Nxd3 12. Qxd3 Bf6 13. Re1 e5 14. dxe5 Bxe5
15. Qxd5 Qxd5 16. cxd5 Bg4 17. Nxe5 Rxe5 18. e4 Rd8 19. Bf4 Re7 20. h3 Bh5 21.
Rac1 Rc8 22. d6 Rd7 23. dxc7 f6 24. Rc5 Bf7 25. b4 b6 26. Rc6 Be8 27. Rc3 g5 28.
Bg3 Re7 29. f3 h5 30. Rd1 Rd7 31. Rxd7 Bxd7 32. Rd3 Be6 33. Rd8+ Kf7 34. Kf2 Ke7
35. Rxc8 Bxc8 36. Ke3 h4 37. Bh2 Kd7 38. Kd4 Kc6 39. a4 f5 40. exf5 Bxf5 41. b5+
Kb7 42. g4 Bc2 43. Kd5 Bxa4 44. Ke6 Bxb5 45. Kf6 Bc6 46. Kxg5 Bxf3 47. Kxh4 a5
48. g5 Bd5 49. g6 a4 50. g7 a3 51. Kg5 a2 52. Kh6 a1=Q 53. Bf4 Qf6+ 54. Kh5 Qxf4
55. h4 Kxc7 56. Kg6 b5 57. h5 b4 58. h6 Qxh6+ 59. Kxh6 b3 60. Kh7 b2 61. g8=Q
Bxg8+ 62. Kxg8 b1=Q 63. Kf7 Qe4 64. Kf6 Kd7 65. Kg5 Qf3 66. Kg6 Ke7 67. Kg5 Kf7
68. Kh4 Qg2 69. Kh5 Qg3 70. Kh6 Qg4 71. Kh7 Qg7# {White checkmated} 0-1

[Event "Team 45 45 League T23"]
[Site "Internet Chess Club"]
[Date "2004.07.09"]
[Round "5"]
[White "claymil"]
[Black "rph"]
[Result "1/2-1/2"]
[WhiteElo "1648"]
[BlackElo "1759"]
[TimeControl "2700+45"]

1. c4 Nf6 2. Nc3 c6 3. g3 d5 4. cxd5 cxd5 5. Bg2 e6 6. e3 Nc6 7. Nge2 a6 8. a3
Be7 9. O-O O-O 10. b4 Ne5 11. d3 Bd7 12. Bb2 Nc6 13. Qd2 b5 14. Rfc1 Qb6 15. Nd1
Rac8 16. Rc2 Rc7 17. Rac1 Rfc8 18. Nd4 Nxd4 19. Bxd4 Rxc2 20. Rxc2 Rxc2 21. Qxc2
Qc6 22. Bc5 Bd8 23. Qc3 Bc7 24. f4 Bc8 25. h3 Bb8 26. g4 Nd7 {Game drawn by
mutual agreement} 1/2-1/2

[Event "Team 45 45 League T23"]
[Site "Internet Chess Club"]
[Date "2004.07.11"]
[Round "5"]
[White "crankn8tr"]
[Black "hondocando"]
[Result "0-1"]
[WhiteElo "1534"]
[BlackElo "1597"]
[TimeControl "2700+45"]

1. e4 c5 2. Nf3 b6 3. d4 cxd4 4. Nxd4 e5 5. Nb5 a6 6. Nd6+ Bxd6 7. Qxd6 Qf6 8.
Qb4 b5 9. Nc3 Ne7 10. a4 Nbc6 11. Qc5 Nd4 12. Bd3 b4 13. Qxb4 a5 14. Qc5 O-O 15.
O-O Ba6 16. Nb5 Rfc8 17. Qd6 Qxd6 18. Nxd6 Rc6 19. Bxa6 Raxa6 20. Nb5 Nxc2 21.
Rb1 Rc4 22. Nc3 f6 23. f4 d6 24. Rf2 Nd4 25. Be3 Nec6 26. Nb5 exf4 27. Bxf4 Ne5
28. b3 Rb4 29. Rd2 Rxb3 30. Rxb3 Nxb3 31. Rxd6 Rxd6 32. Nxd6 Nd3 33. g3 Ndc5 34.
Nc4 Nxa4 35. Bc7 Nac5 36. e5 fxe5 37. Bxe5 a4 38. Bb2 Kf7 39. Ne5+ Ke6 40. Nc4
g6 41. Kg2 Kd5 42. Nb6+ Ke4 43. Ba3 Nd3 44. Nxa4 Nd4 45. Nc3+ Kf5 46. Bd6 Ne1+
47. Kf2 Nef3 48. h3 Ng5 49. g4+ Ke6 50. h4 Kxd6 51. hxg5 Ne6 52. Ne4+ Ke5 53.
Ke3 Nf8 54. Kf3 Kd4 55. Nf6 Ke5 56. Ne4 Ne6 57. Ke3 Nf4 58. Nf6 Nd5+ 59. Nxd5
Kxd5 60. Kf4 Kd4 61. Kf3 Kd3 62. Kf4 Ke2 63. Kg3 Ke3 64. Kg2 Kf4 65. Kh3 Kxg5
66. Kg3 h6 67. Kh3 Kf4 68. Kh4 g5+ 69. Kh5 Kg3 70. Kxh6 Kxg4 71. Kg6 Kh4 72. Kf5
g4 73. Kf4 Kh3 74. Ke3 g3 75. Kf3 g2 76. Kf2 Kh2 {White resigns} 0-1

[Event "Team 45 45 League T23"]
[Site "Internet Chess Club"]
[Date "2004.07.12"]
[Round "5"]
[White "JLMOE"]
[Black "Lothar"]
[Result "0-1"]
[WhiteElo "1254"]
[BlackElo "1515"]
[TimeControl "2700+45"]

1. b3 e5 2. Bb2 Nc6 3. Nf3 d6 4. e3 Nf6 5. h3 Bf5 6. Be2 Be7 7. d4 exd4 8. Nxd4
Nxd4 9. Qxd4 Bxc2 10. O-O O-O 11. Nd2 Bg6 12. Rad1 Ne8 13. Ne4 Kh8 14. Rd2 d5
15. Ng3 Bf6 16. Qb4 Nd6 17. Bd4 Bxd4 18. exd4 Re8 19. Bd3 Bxd3 20. Rxd3 h6 21.
Re1 Rxe1+ 22. Qxe1 Qe8 23. Re3 Qf8 24. Qa5 c6 25. Qc5 Kg8 26. a4 a5 27. Qb6 Qd8
28. Qxd8+ Rxd8 29. Re7 Re8 30. Rd7 Re6 31. f3 b5 32. Rd8+ Kh7 33. axb5 Nxb5 34.
Nf5 g6 35. Ng3 Nxd4 36. Rd7 Kg7 37. Rb7 Re3 38. b4 a4 39. Nf1 Re1 40. Kf2 Rb1
41. Ke3 Nc2+ 42. Kd3 a3 43. Kxc2 a2 44. Ra7 a1=Q 45. Rxa1 Rxa1 46. Nd2 Kf6 47.
Kb2 Rg1 48. g4 Rh1 49. Kc3 Rxh3 50. Kd4 Ke6 51. Kc5 Rh2 52. Nb3 Rc2+ 53. Kb6 Rc3
54. Na5 Rxf3 55. Nxc6 Rf4 56. b5 Rxg4 57. Kc7 Rg1 58. b6 Rb1 59. Nd4+ Ke5 60.
Nf3+ Kf4 61. Nd4 h5 62. b7 h4 63. b8=Q Rxb8 64. Kxb8 h3 65. Ne2+ Kf3 66. Nd4+
Kf2 67. Kc7 h2 68. Kd6 h1=Q 69. Ke7 Qe4+ 70. Kxf7 Qxd4 71. Kxg6 Qg7+ 72. Kf5 d4
73. Ke4 Qg4+ 74. Kd3 Qd1+ 75. Ke4 d3 76. Kd4 Qf3 77. Kc3 d2+ 78. Kd4 d1=N 79.
Kc5 Qd3 80. Kc6 Qd4 81. Kc7 Qd5 82. Kc8 Ke3 83. Kc7 Kd3 84. Kc8 Kc4 85. Kc7 Kb5
86. Kc8 Kb6 87. Kb8 Qb7# {White checkmated} 0-1

[Event "Team 45 45 League T23"]
[Site "Internet Chess Club"]
[Date "2004.07.09"]
[Round "5"]
[White "MikkoN"]
[Black "CLACTON"]
[Result "1/2-1/2"]
[WhiteElo "1940"]
[BlackElo "2138"]
[TimeControl "2700+45"]

1. c4 c5 2. Nf3 e6 3. Nc3 a6 4. d4 cxd4 5. Nxd4 Qc7 6. e4 Nf6 7. Be2 Bc5 8. O-O
Nc6 9. Nb3 Ba7 10. c5 O-O 11. Be3 Bb8 12. g3 d6 13. cxd6 Qxd6 14. Bc5 Qxd1 15.
Rfxd1 Re8 16. f4 Nd7 17. Bf2 Ba7 18. Rd2 Bxf2+ 19. Kxf2 b5 20. Bf3 Ra7 21. e5
Rc7 22. Ne4 Ne7 23. Rad1 Nb6 24. Nd6 Rf8 25. Nxc8 Nexc8 26. Na5 g6 27. Bb7 Ne7
28. b4 Ned5 29. a3 Rb8 30. Bxa6 Nc4 31. Nxc4 Rxc4 32. a4 Rxb4 33. Bxb5 Kg7 34.
Rd4 Rb2+ 35. R1d2 Rxd2+ 36. Rxd2 h5 37. Ra2 Nc3 {Game drawn by mutual agreement}
1/2-1/2

[Event "Team 45 45 League T23"]
[Site "Internet Chess Club"]
[Date "2004.07.11"]
[Round "5"]
[White "Riga"]
[Black "Miksu"]
[Result "1/2-1/2"]
[WhiteElo "2016"]
[BlackElo "1855"]
[TimeControl "2700+45"]

1. e4 e6 2. d4 d5 3. exd5 exd5 4. Bd3 Nf6 5. Nc3 c6 6. Nge2 Bd6 7. Bg5 O-O 8.
Qd2 b5 9. Nf4 h6 10. Bxf6 Qxf6 11. Nce2 Bf5 12. Bxf5 Qxf5 13. O-O-O Nd7 14. Nd3
a5 15. f4 Nb6 16. Ne5 Nc4 17. Qd3 Qxd3 18. Rxd3 Nxe5 19. fxe5 Be7 20. Ng3 g6 21.
Rf1 Kg7 22. Rdf3 f6 23. exf6+ Rxf6 {Game drawn by mutual agreement} 1/2-1/2

[Event "Team 45 45 League T23"]
[Site "Internet Chess Club"]
[Date "2004.07.11"]
[Round "5"]
[White "Mika91"]
[Black "room-matt"]
[Result "1-0"]
[WhiteElo "1868"]
[BlackElo "1864"]
[TimeControl "2700+45"]

1. c4 g5 2. g3 d6 3. Bg2 Bg7 4. Nc3 Nc6 5. d3 g4 6. h3 h5 7. e4 Nf6 8. Nge2 e5
9. Bg5 b6 10. Qd2 Be6 11. O-O-O Rb8 12. Nd5 b5 13. hxg4 Bxg4 14. f3 Be6 15. g4
bxc4 16. dxc4 Bxd5 17. cxd5 Nb4 18. a3 Na6 19. gxh5 Nc5 20. Qc2 Bh6 21. Bxh6
Rxh6 22. Ng3 Ng8 23. Nf5 Qg5+ 24. Kb1 Rh7 25. Rdg1 Nf6 26. h6 a5 27. Bf1 Qf4 28.
Be2 Ncxe4 29. fxe4 Kd8 30. Bd3 Qf3 31. Rh2 c5 32. dxc6 Rc8 33. Rf2 Qh3 34. Nxd6
{Black resigns} 1-0

[Event "Team 45 45 League T23"]
[Site "Internet Chess Club"]
[Date "2004.07.11"]
[Round "5"]
[White "Laato"]
[Black "Poet-Laureate"]
[Result "0-1"]
[WhiteElo "1749"]
[BlackElo "1877"]
[TimeControl "2700+45"]

1. e4 c6 2. d3 d5 3. Nd2 e5 4. Ngf3 Bd6 5. g3 Nf6 6. Bg2 Be6 7. O-O h6 8. h3
Nbd7 9. Nh4 g6 10. f4 exf4 11. gxf4 Bc5+ 12. Kh1 Ng4 13. f5 Ne3 14. Qf3 Nxf1 15.
fxe6 fxe6 16. Nxg6 Nxd2 17. Bxd2 Rg8 18. Qh5 Nf6 19. Qxh6 Qc7 20. Bg5 Qg7 21.
Qxg7 Rxg7 22. Bxf6 Rxg6 23. Be5 Kd7 24. d4 Bb6 25. Rf1 Rag8 26. Rf2 c5 27. exd5
cxd4 28. dxe6+ Kxe6 29. Re2 Rxg2 30. Rxg2 Rxg2 31. Kxg2 Kxe5 32. Kf3 Kf5 33. c3
dxc3 34. bxc3 Bd8 35. Ke3 Bf6 36. Kd3 Kf4 37. Kc4 Kg3 38. Kb4 Kxh3 39. c4 Kg4
40. Kc5 Kf5 41. Kd6 Bd4 42. Kc7 b6 43. Kb7 a5 44. a4 Ke6 45. Kc6 Kf5 46. Kd5 Bc5
47. Kc6 Ke4 48. Kb5 Kd3 {White resigns} 0-1

[Event "Team 45 45 League T23"]
[Site "Internet Chess Club"]
[Date "2004.07.10"]
[Round "5"]
[White "trikmamak"]
[Black "Pastpawn"]
[Result "1/2-1/2"]
[WhiteElo "2156"]
[BlackElo "2061"]
[TimeControl "2700+45"]

1. f4 d5 2. Nf3 c5 3. e3 Nc6 4. d4 Bg4 5. c3 Bxf3 6. Qxf3 f5 7. Bd3 e6 8. O-O
Nf6 9. b3 Bd6 10. Bb2 O-O 11. Nd2 Ne4 12. Rfd1 Qa5 13. Bxe4 fxe4 14. Qh3 Rf6 15.
dxc5 Qxc5 16. Kh1 Rh6 17. Qg3 Rg6 18. Qf2 Rf8 19. Rf1 Ne7 20. a4 Qb6 21. Ba3
Bxa3 22. Rxa3 Nf5 23. Re1 Nd6 24. Qe2 Rgf6 25. Ra2 Rc8 26. Rc2 Qa5 27. Rec1 Rf7
28. g3 Rfc7 29. Nb1 Qb6 30. Rb2 Nf5 31. Re1 {Game drawn by mutual agreement}
1/2-1/2

[Event "Team 45 45 League T23"]
[Site "Internet Chess Club"]
[Date "2004.07.11"]
[Round "5"]
[White "A-Ru"]
[Black "DavidBarnsley"]
[Result "1/2-1/2"]
[WhiteElo "2022"]
[BlackElo "1982"]
[TimeControl "2700+45"]

1. d4 e6 2. c4 f5 3. Nf3 Nf6 4. d5 Bd6 5. dxe6 dxe6 6. Nc3 e5 7. Bg5 O-O 8. e4
f4 9. Bd3 c6 10. O-O Be6 11. a3 a5 12. Rb1 Na6 13. Qc2 Nc5 14. Rfd1 a4 15. Nd2
Qe7 16. f3 Bf7 17. Bh4 Ne6 18. Bf2 Bc5 19. Ne2 Bxf2+ 20. Kxf2 Qc5+ 21. Kf1 Rfd8
22. b4 axb3 23. Rxb3 Rxa3 24. Nb1 Rxb3 25. Qxb3 Nd4 26. Nxd4 Rxd4 27. Rc1 b5 28.
Be2 Rxc4 29. Bxc4 Bxc4+ 30. Rxc4 bxc4 31. Qc3 Qd4 32. Qxd4 exd4 33. Nd2 c3 34.
Nb3 d3 35. Nc5 Nd7 36. Nxd3 g6 37. Nxf4 Ne5 38. Ke2 g5 39. Nd3 Nc4 40. Ne1 Nb2
41. Nc2 Kf7 42. Nb4 Nc4 43. Kd3 c5 44. Nc2 Ne5+ 45. Kxc3 Ke6 46. Ne3 h5 47. Nc4
Ng6 48. g3 h4 49. Nb2 Ne5 50. f4 gxf4 51. gxf4 Ng4 52. Nd3 Nxh2 53. Nxc5+ Ke7
54. e5 Nf3 55. Ne4 Ke6 56. Kd3 Nxe5+ 57. Ke3 Ng6 58. Ng5+ {Game drawn by mutual
agreement} 1/2-1/2

[Event "Team 45 45 League T23"]
[Site "Internet Chess Club"]
[Date "2004.07.11"]
[Round "5"]
[White "boffin"]
[Black "DirkPlenty"]
[Result "1/2-1/2"]
[WhiteElo "1998"]
[BlackElo "1989"]
[TimeControl "2700+45"]

1. e4 c5 2. Nc3 Nc6 3. f4 g6 4. Nf3 Bg7 5. Bb5 Nd4 6. O-O Nxb5 7. Nxb5 a6 8. Nc3
e6 9. d3 Ne7 10. Qe1 Nc6 11. a3 O-O 12. Bd2 d6 13. Nd1 f5 14. c3 e5 15. Qg3 fxe4
16. dxe4 exf4 17. Bxf4 Ne5 18. Nxe5 dxe5 19. Bxe5 Rxf1+ 20. Kxf1 Bxe5 21. Qxe5
Qf8+ 22. Kg1 Ra7 23. Nf2 b5 24. Nd3 c4 25. Qd5+ Qf7 26. Qxf7+ Rxf7 27. Nf2 Bb7
28. Re1 Rd7 29. Re2 Kf7 30. g3 h5 31. Kg2 Kf6 32. Kf3 Ke5 33. Ke3 Rd6 34. Re1
Bc8 35. Rg1 Bb7 36. g4 h4 37. g5 Bxe4 38. Nxe4 Rd3+ 39. Ke2 Kxe4 40. Rg4+ Kf5
41. Rxh4 {Game drawn by mutual agreement} 1/2-1/2

[Event "Team 45 45 League T23"]
[Site "Internet Chess Club"]
[Date "2004.07.11"]
[Round "5"]
[White "jongalt97"]
[Black "chessateer"]
[Result "0-1"]
[WhiteElo "1782"]
[BlackElo "1842"]
[TimeControl "2700+45"]

1. d4 Nf6 2. c4 e6 3. Nc3 Bb4 4. a3 Bxc3+ 5. bxc3 b6 6. f3 d5 7. Bg5 h6 8. Bh4
dxc4 9. e4 g5 10. Bf2 b5 11. Ne2 Bb7 12. Ng3 h5 13. h3 h4 14. Ne2 Nh5 15. g4
hxg3 16. Nxg3 Nf4 17. Be3 Ng6 18. Qd2 f6 19. Be2 Nd7 20. e5 Nh4 21. O-O-O Qe7
22. Rdf1 Qxa3+ 23. Kd1 Qa1+ 24. Kc2 Qa2+ 25. Kc1 Qxd2+ 26. Kxd2 Ng2 27. exf6
Nxe3 28. Kxe3 Nxf6 29. Ne4 Nxe4 30. fxe4 Ke7 31. Bg4 Raf8 32. Rhg1 Rxf1 33. Rxf1
Bc8 34. e5 Rf8 35. Rf3 Rxf3+ 36. Bxf3 Bd7 37. Kd2 Kf8 38. Kc2 Kg7 39. Be4 a5 40.
Kb2 Be8 41. Bf3 b4 42. Bg4 Bd7 43. cxb4 axb4 44. Kc2 c3 45. Bd1 Ba4+ 46. Kc1
Bxd1 47. Kxd1 c6 48. Kc2 Kg6 {White resigns} 0-1

[Event "Team 45 45 League T23"]
[Site "Internet Chess Club"]
[Date "2004.07.12"]
[Round "5"]
[White "Koronin"]
[Black "Knight77"]
[Result "1-0"]
[WhiteElo "1659"]
[BlackElo "1789"]
[TimeControl "2700+45"]

1. e4 d5 2. exd5 Qxd5 3. Nc3 Qa5 4. d3 c6 5. Bd2 Bf5 6. Be2 e6 7. Nf3 Nf6 8. Ne4
Qd8 9. Nxf6+ gxf6 10. Nh4 Bg6 11. Nxg6 fxg6 12. c3 Bg7 13. Qb3 Qd7 14. d4 O-O
15. O-O Re8 16. Rae1 b5 17. Bf4 a5 18. a4 b4 19. Bc4 Kh8 20. Rxe6 Rxe6 21. Bxe6
Qe7 22. cxb4 Qxb4 23. Qxb4 axb4 24. b3 f5 25. d5 cxd5 26. Bxd5 Ra5 27. Rd1 Nd7
28. Bc4 Ra7 29. Bb5 Nf8 30. Bd6 Ra8 31. Bxb4 Ne6 32. Bc4 Nd4 33. Bc5 Rd8 34. Kf1
Bf6 35. f4 Kg7 36. a5 Nxb3 37. Bxb3 Ra8 38. Bb6 Bc3 39. Rd7+ Kh6 40. Bd5 Re8 41.
Bd8 Re1+ 42. Kf2 Ra1 43. Bg5+ Kh5 44. Bf3# {Black checkmated} 1-0

[Event "Team 45 45 League T23"]
[Site "Internet Chess Club"]
[Date "2004.07.10"]
[Round "5"]
[White "Pilgrim"]
[Black "BenjaminSisko"]
[Result "0-1"]
[WhiteElo "1596"]
[BlackElo "1605"]
[TimeControl "2700+45"]

1. e4 e5 2. Nf3 Nf6 3. Nxe5 d6 4. Nf3 Nxe4 5. d4 Be7 6. Bd3 d5 7. O-O O-O 8. Re1
Bf5 9. Nbd2 Nd6 10. Ne5 Bxd3 11. Nxd3 Nd7 12. Nf3 Bf6 13. Bf4 Nb6 14. c3 Ne4 15.
Nfe5 Bh4 16. Qg4 Bg5 17. Re3 Bxf4 18. Nxf4 Qg5 19. f3 Qxg4 20. Nxg4 Nc4 21. fxe4
Nxe3 22. Nxe3 dxe4 23. Nfd5 c6 24. Ne7+ Kh8 25. N7f5 g6 26. Ng3 f5 27. Ne2 Rae8
28. Rf1 Kg7 29. g3 a5 30. h3 h5 31. g4 hxg4 32. hxg4 Rf6 33. g5 Rff8 34. Nf4 Rh8
35. Kg2 Kf7 36. Rh1 Rxh1 37. Kxh1 Rh8+ 38. Kg2 Rh4 39. Kg3 Rh1 40. Nc4 Rg1+ 41.
Kh4 Rg4+ 42. Kh3 Rxf4 43. Ne5+ Kg7 44. Kg3 Rf1 45. c4 Rd1 46. Nd7 Rxd4 47. Ne5
Rd2 48. a3 Rxb2 49. Nd7 Rb3+ 50. Kf4 Rxa3 51. Nc5 Rf3+ 52. Ke5 e3 53. Ne6+ Kh8
54. Kf6 e2 55. Kxg6 e1=Q 56. Kf6 Rg3 57. g6 Rxg6+ 58. Kxg6 Qxe6+ {White resigns}
0-1

[Event "Team 45 45 League T23"]
[Site "Internet Chess Club"]
[Date "2004.07.10"]
[Round "5"]
[White "Mauddib"]
[Black "Smart"]
[Result "0-1"]
[WhiteElo "1463"]
[BlackElo "1516"]
[TimeControl "2700+45"]

1. e4 c5 2. Nf3 d6 3. d4 cxd4 4. Nxd4 Nf6 5. f3 g6 6. Bc4 Bg7 7. O-O Qb6 8. c3
e5 9. Be3 exd4 10. Bxd4 Qc7 11. Qb3 O-O 12. Nd2 Nc6 13. Be3 Nd8 14. Rad1 Be6 15.
Bd3 {White resigns} 0-1

[Event "Team 45 45 League T23"]
[Site "Internet Chess Club"]
[Date "2004.07.12"]
[Round "5"]
[White "lucke"]
[Black "e4ia"]
[Result "1/2-1/2"]
[WhiteElo "1471"]
[BlackElo "1514"]
[TimeControl "2700+45"]

1. Nf3 c5 2. e4 Nc6 3. g3 g6 4. Bg2 Bg7 5. O-O e6 6. d3 Nge7 7. Nbd2 O-O 8. Re1
Rb8 9. e5 d6 10. Nc4 dxe5 11. Nfxe5 Nxe5 12. Nxe5 b5 13. Bf4 Rb6 14. c3 f6 15.
Ng4 e5 16. Be3 Qc7 17. Nh6+ Kh8 18. h4 Nf5 19. Nxf5 Bxf5 20. b4 Rd6 21. Bxc5
Rxd3 22. Qe2 Rfd8 23. Rad1 a6 24. g4 Rxd1 25. Rxd1 Be6 26. Rxd8+ Qxd8 27. Qf3
Qc8 28. Qa8 Bxg4 29. Bd6 Qxa8 30. Bxa8 Bc8 31. f3 f5 32. Kf2 Bf6 33. Kg3 Kg7 34.
a3 h6 35. Bc6 f4+ 36. Kg2 g5 37. hxg5 hxg5 38. a4 bxa4 39. Bxa4 Bb7 40. Bd1 e4
41. c4 e3 42. c5 Bc6 43. Be2 Bc3 44. Bxa6 Bxb4 45. Be2 Kf6 46. Kh3 Be1 47. Kg2
Ke6 48. Bd3 Bg3 49. Bc4+ Bd5 50. Bxd5+ Kxd5 51. Kf1 Kd4 52. Ke2 Kd5 53. Kd3 Be1
54. Be7 Bh4 55. Bd6 {Game drawn by mutual agreement} 1/2-1/2

[Event "Team 45 45 League T23"]
[Site "Internet Chess Club"]
[Date "2004.07.16"]
[Round "5"]
[White "Biggie"]
[Black "GoIrish"]
[Result "1-0"]
[WhiteElo "1983"]
[BlackElo "1628"]
[TimeControl "2700+45"]

1. d4 Nf6 2. Nf3 g6 3. Nc3 Bg7 4. e4 d6 5. Be3 O-O 6. Qd2 e5 7. dxe5 dxe5 8.
O-O-O Nc6 9. Qxd8 Rxd8 10. Rxd8+ Nxd8 11. Nxe5 Nxe4 12. Nxe4 Bxe5 13. Be2 Nc6
14. Ng5 Bf5 15. Bc4 Rf8 16. Rd1 h6 17. Nf3 Bg7 18. Bd5 Nb4 19. Bc5 Nxd5 20. Bxf8
Kxf8 21. Rxd5 Ke7 22. Rd1 b6 23. Nd4 Bxd4 24. Rxd4 c5 25. Ra4 a5 26. Ra3 Kd6 27.
c4 Be6 28. Rd3+ Kc6 29. b3 a4 30. Kb2 axb3 31. axb3 b5 32. Kc3 Bf5 33. cxb5+
Kxb5 34. Rd6 Be6 35. f3 h5 36. h4 Bc8 37. g3 Be6 38. g4 hxg4 39. Rxe6 fxe6 40.
fxg4 Kc6 41. h5 Kd6 42. h6 {Black resigns} 1-0

[Event "Team 45 45 League T23"]
[Site "Internet Chess Club"]
[Date "2004.07.08"]
[Round "5"]
[White "Lizaveta"]
[Black "ipack"]
[Result "1-0"]
[WhiteElo "1542"]
[BlackElo "1618"]
[TimeControl "2700+45"]

1. e4 e6 2. d4 d5 3. Nc3 Bb4 4. e5 c5 5. a3 Bxc3+ 6. bxc3 Qc7 7. Nf3 Ne7 8. Be2
O-O 9. O-O c4 10. Qd2 Nbc6 11. Qg5 b5 12. h4 Nf5 13. h5 Qe7 14. Qg4 h6 15. g3
Kh7 16. Kh1 a5 17. Rg1 b4 18. Bb2 bxc3 19. Bxc3 Qa7 20. Rad1 Rg8 21. Nh4 Nxh4
22. gxh4 Ne7 23. Qf4 Nf5 24. Bg4 Nxh4 25. Qg3 Qe7 26. Bb2 Bd7 27. c3 f5 28. exf6
Qxf6 29. Rdf1 Nf5 30. Bxf5+ Qxf5 31. Qh4 e5 32. Rg3 g5 33. hxg6+ Rxg6 34. Rxg6
Kxg6 35. Rg1+ Kh7 36. Qe7+ Kh8 37. Qg7# {Black checkmated} 1-0

[Event "Team 45 45 League T23"]
[Site "Internet Chess Club"]
[Date "2004.07.11"]
[Round "5"]
[White "SandiaCaveMan"]
[Black "siddhu"]
[Result "1/2-1/2"]
[WhiteElo "1281"]
[BlackElo "1419"]
[TimeControl "2700+45"]

1. d4 d5 2. e3 Nf6 3. Nf3 e6 4. Bd3 c5 5. c3 cxd4 6. cxd4 Bb4+ 7. Nc3 Bxc3+ 8.
bxc3 O-O 9. O-O Nc6 10. Re1 Re8 11. Qe2 e5 12. dxe5 Nxe5 13. Nxe5 Rxe5 {Game
drawn by mutual agreement} 1/2-1/2